 Dungeon Crawl Stone Soup version 0.24.0 (webtiles) character file.

Game seed: 6530902147891439877, levelgen mode: deterministic

698 Mrkan the Chopper (level 7, -1/63 HPs)
             Began as a Purple Draconian Berserker on Oct 25, 2019.
             Was a Priest of Trog.
             Splashed by a jelly's acid (8 damage)
             ... on level 6 of the Dungeon.
             The game lasted 00:08:03 (4739 turns).

Mrkan the Chopper (Purple Draconian Berserker)      Turns: 4739, Time: 00:08:04

Health: -1/63      AC: -4    Str: 19 (20) XL:     7   Next: 38%
Magic:  7/7        EV: 12    Int:  6 (7)  God:    Trog [***...]
Gold:   214        SH:  0    Dex: 11 (12) Spells: 6/6 levels left

rFire    . . .     SeeInvis .   a - +0 hand axe
rCold    . . .     Gourm    .   (no shield)
rNeg     . . .     Faith    .   (armour unavailable)
rPois    .         Spirit   .   (helmet restricted)
rElec    .         Reflect  .   o - +0 cloak
rCorr    .         Harm     .   (no gloves)
MR       +....                  t - +0 pair of boots
Stlth    +.........             (no amulet)
HPRegen  0.20/turn              (no ring)
MPRegen  0.10/turn              (no ring)

@: corroded
A: breathe power, unfitting armour, cold-blooded, AC +6
a: Breathe Dispelling Energy, Berserk, Trog's Hand, Renounce Religion


You were on level 6 of the Dungeon.
You worshipped Trog.
Trog was most pleased with you.
You were not hungry.

You visited 1 branch of the dungeon, and saw 6 of its levels.

You collected 214 gold pieces.

Inventory:

Hand Weapons
 a - a +0 hand axe (weapon)
Missiles
 i - 117 stones (quivered)
Armour
 o - a +0 cloak (worn)
 t - a +0 pair of boots (worn)
Jewellery
 h - an uncursed amulet of magic regeneration
 v - a cursed ring of attention {unknown}
 x - an uncursed ring of protection from magic {unknown}
Wands
 d - a wand of acid (6)
 A - a wand of digging (4)
Scrolls
 c - 2 scrolls of enchant weapon {unknown}
 f - 8 scrolls of remove curse {unknown}
 j - 3 scrolls of fog {unknown}
 k - 2 scrolls of random uselessness {unknown}
 m - a scroll of blinking {unknown}
 n - 5 scrolls of enchant armour {unknown}
 p - 2 scrolls of identify {unknown}
 r - 2 scrolls of teleportation {unknown}
 u - 4 scrolls of amnesia {unknown}
 w - a scroll of fear {unknown}
 y - a scroll of noise {unknown}
Potions
 e - 2 potions of flight {unknown}
 g - 2 potions of curing
 z - a potion of degeneration
Comestibles
 b - 9 rations
 l - 8 chunks of flesh


   Skills:
 + Level 6.0 Fighting
 * Level 7.3 Axes
 - Level 2.6 Dodging


You had 6 spell levels left.
You didn't know any spells.
Your spell library was empty.

Dungeon Overview and Level Annotations

Branches:
Dungeon (6/15)             Temple (0/1) D:5

Altars:
Ashenzari
Dithmenos
Elyvilon
Hepliaklqana
Xom

Annotations:
D:6 1 runed translucent door, Emblim88's ghost, novice MiMo


Innate Abilities, Weirdness & Mutations

You can breathe bolts of dispelling energy.
Your rich purple scales are hard. (AC +6)
You cannot fit into any form of body armour.
You are cold-blooded and may be slowed by cold attacks.


Message History

The jelly barely misses you.
You hit the jelly but do no damage.
Your hands burn!
The jelly is moderately wounded.
The jelly hits you but does no damage.
You hit the jelly but do no damage. The acid corrodes you!
Your hands burn!
The jelly is moderately wounded.
The jelly hits you.
You are splashed with acid!
* * * LOW HITPOINT WARNING * * *
You hit the jelly but do no damage.
Your hands burn!
* * * LOW HITPOINT WARNING * * *
You tail-slap the jelly.
The jelly is heavily wounded.
The jelly closely misses you.
You hit the jelly but do no damage. The acid corrodes you!
Your hands burn!
* * * LOW HITPOINT WARNING * * *
The jelly is heavily wounded.
The jelly hits you.
* * * LOW HITPOINT WARNING * * *
The acid corrodes you!
You are splashed with acid!
You die...

........#
##..###.......
.._.....#
#....#.#......
........#
#.....#.......
........##
#.##...#......
#....##
#.##.##....<..
#.....#
#.######......
#.###.## #.#
#....##. #.
##J####.#
##.####. #
##@....# ###
#.# ##...##
### #####


You could see a jelly.

Vanquished Creatures
  2 phantoms
  An ogre (D:6)
  A bullfrog zombie (D:5)
  An orc priest (D:3)
  An orc wizard (D:3)
  An iguana (D:6)
  A hound skeleton (D:4)
  12 gnolls
  10 adders
  3 worms
  2 dart slugs
  2 leopard geckos
  13 orcs
  3 ball pythons
  4 bats
  6 giant cockroaches
  3 goblins
  5 hobgoblins
  5 jackals
  2 quokkas
  5 frilled lizards
  6 kobolds
  A quokka zombie (D:5)
  4 rats
94 creatures vanquished.

Notes
Turn   | Place    | Note
-------+----------+-------------------------------------------
     0 | D:1      | Mrkan the Draconian Berserker began the quest for the Orb.
     0 | D:1      | Reached XP level 1. HP: 19/19 MP: 1/1
   363 | D:1      | Reached XP level 2. HP: 23/26 MP: 2/2
   910 | D:2      | Reached XP level 3. HP: 33/33 MP: 3/3
   969 | D:2      | Reached skill level 4 in Axes
  1049 | D:2      | Reached XP level 4. HP: 29/40 MP: 4/4
  1400 | D:2      | Reached ** piety under Trog
  1531 | D:3      | Found a shadowy altar of Dithmenos.
  1531 | D:3      | Found a shattered altar of Ashenzari.
  1552 | D:3      | Found a hazy altar of Hepliaklqana.
  1709 | D:3      | Reached skill level 5 in Axes
  1709 | D:3      | Reached XP level 5. HP: 20/47 MP: 5/5
  2800 | D:4      | Reached skill level 5 in Fighting
  2800 | D:4      | Reached XP level 6. HP: 43/56 MP: 6/6
  3016 | D:5      | Entered Level 5 of the Dungeon
  3034 | D:5      | Reached *** piety under Trog
  3034 | D:5      | Reached skill level 6 in Axes
  3676 | D:5      | Found a staircase to the Ecumenical Temple.
  3720 | D:5      | Found a shimmering altar of Xom.
  4290 | D:6      | Found a runed translucent door.
  4290 | D:6      | Noticed Emblim88's ghost (novice MiMo)
  4537 | D:6      | Your scales start taking on a rich purple colour.
  4537 | D:6      | Reached XP level 7. HP: 38/62 MP: 7/7
  4571 | D:6      | Reached skill level 7 in Axes
  4716 | D:6      | Found a white marble altar of Elyvilon.
  4739 | D:6      | Splashed by a jelly's acid

Levels and vault maps discovered:
D:1:      minmay_arrival_five_plusses, layout_loops_corners
D:2:      layout_basic
D:3:      layout_basic, nicolae_overflow_hidden_temple,
          grunt_temple_overflow_open
D:4:      layout_loops_cross, first_ration, kennysheep_generic_room_13
D:5:      layout_layer_cave, minmay_temple_entry_enclosed_plants, basic_altar
D:6:      layout_layer_cave, basic_altar, gammafunk_ghost_grave,
          grunt_tough_drop
